 Dungeon Sprint DCSS version 0.28-a0-199-g298df9dbad (webtiles) character file.

Game seed: 7648726648403205625

789 MikeHunt the Quickloader (level 7, -2/59 HPs)
             Began as a Palentonga Hunter on Aug 19, 2021.
             Was a Believer of Okawaru.
             Killed from afar by a deep elf pyromancer (26 damage)
             ... with a bolt of fire
             ... in the Dungeon (Sprint III: "The Ten Rune Challenge").
             The game lasted 00:05:41 (1135 turns).

MikeHunt the Quickloader (Palentonga Hunter)        Turns: 1135, Time: 00:05:41

Health: -2/59      AC: 13    Str: 15      XL:     7   Next: 56%
Magic:  10/10      EV: 10    Int:  9      God:    Okawaru [**....]
Gold:   31         SH:  0    Dex: 11 (13) Spells: 6/6 levels left

rFire   . . .      SeeInvis +   a - +1 hand crossbow
rCold   . . .      Faith    .   (no shield)
rNeg    . . .      Spirit   .   c - +0 leather armour
rPois   .          Reflect  .   (no helmet)
rElec   .          Harm     .   (no cloak)
rCorr   .          Rampage  .   (no gloves)
Will    .....      NoTele   +   (no barding)
Stlth   +.........              (no amulet)
HPRegen 0.19/turn               (no ring)
MPRegen 0.12/turn               (no ring)

@: curled up
A: large, rugged brown scales 3, see invisible, deformed body, roll 1, armoured
tail, reflexive curl, iridescent scales 1, deterioration 1, dopey 1
a: Rolling Charge, Renounce Religion, Heroism


You were in the Dungeon.
You worshipped Okawaru.
Okawaru was pleased with you.
You visited 1 branch You collected 31 gold pieces.

Inventory:

Hand Weapons
 a - a +1 hand crossbow (weapon)
 b - a +0 short sword
Missiles
 d - 11 bolts (quivered ammo)
 k - 23 stones
Armour
 c - a +0 leather armour (worn)
 g - a +0 leather armour
Wands
 j - a wand of digging (3)
Scrolls
 m - 2 scrolls of holy word {unknown}
 n - 4 scrolls of identify
Potions
 e - a potion of curing
 f - a potion of might
 h - 2 potions of magic
 l - 3 potions of mutation
 o - 3 potions of flight
Miscellaneous
 i - a lightning rod (2/4)


   Skills:
 - Level 5.0 Fighting
 - Level 11.9 Crossbows
 - Level 4.2 Dodging
 - Level 0.5 Stealth
 - Level 5.0 Invocations
 + Level 4.0 Evocations


You had 6 spell levels left.
You didn't know any spells.
Your spell library was empty.

Dungeon Overview and Level Annotations

Branches:
Dungeon (1/1)

Altars:
Cheibriados
Dithmenos
Elyvilon
Fedhas
Gozag
Hepliaklqana
Makhleb
Nemelex Xobeh
Okawaru
Qazlal
Ru
Trog
Uskayaw
Wu Jian
Xom
Yredelemnul
Zin
The Shining One
Beogh
Jiyva
Lugonu


Innate Abilities, Weirdness & Mutations

You are completely covered in rugged brown scales. (AC +3, +7% HP)
You have supernaturally acute eyesight. (SInv)
Armour fits poorly on your strangely shaped body.
You can roll at nearby foes to attack.
You have a long armoured tail.
You curl defensively after being hit.
You are partially covered in iridescent scales. (AC +2)
Your body sometimes deteriorates upon taking damage.
You are dopey. (Int -2)


Message History

A deep elf pyromancer comes into view.
It is wielding a +2 long sword of holy wrath.
The deep elf pyromancer shouts!
The deep elf pyromancer gestures at you while chanting.
The sticky flame hits you!
You are covered in liquid flames!
Your body deteriorates!
You feel clumsy.
Found a potion of heal wounds.
Fire: 13 bolts
Press: ? - help, Q - select action, (/) - cycle Shift-Dir - straight line, f - deep elf pyromancer
Aim: a deep elf pyromancer, wielding a +2 long sword of holy wrath (61% to hit)
You shoot a bolt. The bolt hits the deep elf pyromancer.
The deep elf pyromancer is lightly wounded.
You are covered in liquid flames!
Fire: 12 bolts
Press: ? - help, Q - select action, (/) - cycle Shift-Dir - straight line, f/p - deep elf pyromancer
Aim: a deep elf pyromancer, wielding a +2 long sword of holy wrath (lightly wounded, 61% to hit)
You shoot a bolt. The bolt hits the deep elf pyromancer!
The deep elf pyromancer is moderately wounded.
You are covered in liquid flames!
Aiming: Thunderbolt
Press: ? - help, Shift-Dir - straight line, f/p - deep elf pyromancer
Aim: a deep elf pyromancer, wielding a +2 long sword of holy wrath (moderately wounded)
The thunderbolt hits the deep elf pyromancer!
The deep elf pyromancer is heavily wounded.
You are covered in liquid flames!
Your body deteriorates!
You feel clumsy.
You are too injured to fight recklessly!
Okay, then.
Unknown command.
Okay, then.
Unknown command.
Press: ? - help, v - describe, . - travel
Here: a deep elf pyromancer, wielding a +2 long sword of holy wrath (heavily wounded)
The floor.
Aiming: Thunderbolt
Press: ? - help, Shift-Dir - straight line, f/p - deep elf pyromancer
Aim: a deep elf pyromancer, wielding a +2 long sword of holy wrath (heavily wounded)
The thunderbolt hits the deep elf pyromancer!
The deep elf pyromancer is almost dead.
The deep elf pyromancer casts a spell at you.
The bolt of fire hits you!!
You die...

▓▓▓▓▓▓ ▓▓▓ ...♣.♣
♣.############ .....♣
♣♣.#___#___#__# .....♣
..#(..#__)#._# ....≈♣♣♣
♣.###'#'###'##
..÷≈≈♣♣.♣♣.#...e....).#
÷.≈≈≈≈♣♣.♣.'.⌠..@.....#
..≈≈≈≈≈≈...#...######†#
.≈≈≈≈≈≈....#.⌠.#__#...#
.≈≈≈≈≈.....#...#__#...#
.≈≈≈.......#+###__#...#
...........# #__#...+
...........# #__'...#
▓▓▓▓▓▓▓▓▓▓▓▓ ▓▓▓▓▓▓▓▓


You could see a deep elf pyromancer.

Vanquished Creatures
  A shadow (D)
  A spatial vortex (D)
  A necrophage (D)
  A water elemental (D)
  A jelly (D)
  A necromancer (D)
  3 humans (D)
  A wolf (D)
  An endoplasm (D)
  3 rats (D)
14 creatures vanquished.

Vanquished Creatures (others)
  4 plants (D)
4 creatures vanquished.

Grand Total: 18 creatures vanquished

Notes
Turn   | Place    | Note
-------+----------+-------------------------------------------
     0 | D        | MikeHunt the Palentonga Hunter began the quest for the Orb.
     0 | D        | Reached XP level 1. HP: 17/17 MP: 1/1
   150 | D        | Reached skill level 4 in Crossbows
   256 | D        | Noticed a wolf
   259 | D        | Killed a wolf
   260 | D        | Reached skill level 5 in Crossbows
   260 | D        | Reached XP level 2. HP: 23/23 MP: 2/2
   272 | D        | Reached skill level 6 in Crossbows
   272 | D        | Reached XP level 3. HP: 28/28 MP: 3/3
   291 | D        | Gained mutation: Your body sometimes deteriorates upon
                  | taking damage. [potion of mutation]
   291 | D        | Gained mutation: You are dopey. (Int -2) [potion of
                  | mutation]
   291 | D        | Gained mutation: You are partially covered in iridescent
                  | scales. (AC +2) [potion of mutation]
   313 | D        | Noticed a water elemental
   325 | D        | Killed a water elemental
   326 | D        | Reached skill level 8 in Crossbows
   326 | D        | Reached XP level 4. HP: 22/35 MP: 4/4
   446 | D        | Found a hide-covered altar of Uskayaw.
   446 | D        | Found an iron altar of Okawaru.
   448 | D        | Found a bloodstained altar of Trog.
   448 | D        | Found an ornate altar of the Wu Jian Council.
   448 | D        | Noticed a human
   448 | D        | Noticed a human
   451 | D        | Became a worshipper of Warmaster Okawaru
   496 | D        | Killed a human
   496 | D        | Reached * piety under Okawaru
   497 | D        | Reached skill level 10 in Crossbows
   497 | D        | Reached XP level 5. HP: 10/40 MP: 5/5
   512 | D        | Killed a human
   513 | D        | Reached skill level 11 in Crossbows
   513 | D        | Reached XP level 6. HP: 11/47 MP: 6/6
   776 | D        | Reached skill level 1 in Invocations
   784 | D        | Noticed a shadow
   791 | D        | Killed a shadow
   791 | D        | Reached ** piety under Okawaru
   792 | D        | Gained mutation: You curl defensively after being hit.
                  | [Palentonga growth]
   792 | D        | Reached XP level 7. HP: 44/57 MP: 7/9
   874 | D        | Found a blossoming altar of Fedhas.
   874 | D        | Found a stormy altar of Qazlal.
   875 | D        | Found a snail-covered altar of Cheibriados.
   875 | D        | Found a burning altar of Makhleb.
   875 | D        | Found a hazy altar of Hepliaklqana.
   875 | D        | Found a shimmering altar of Xom.
   875 | D        | Found an opulent altar of Gozag.
   875 | D        | Found a sparkling altar of Nemelex Xobeh.
   875 | D        | Found a corrupted altar of Lugonu.
   875 | D        | Found a viscous altar of Jiyva.
   875 | D        | Noticed a spatial vortex
   915 | D        | Killed a spatial vortex
   916 | D        | Reached skill level 5 in Fighting
  1084 | D        | Found a shadowy altar of Dithmenos.
  1095 | D        | Reached skill level 5 in Invocations
  1097 | D        | Found a basalt altar of Yredelemnul.
  1097 | D        | Found a sacrificial altar of Ru.
  1126 | D        | Found a glowing silver altar of Zin.
  1129 | D        | Found a glowing golden altar of the Shining One.
  1130 | D        | Found a white marble altar of Elyvilon.
  1131 | D        | Noticed a deep elf pyromancer
  1135 | D        | Killed from afar by a deep elf pyromancer

Illustrated notes

Levels and vault maps discovered:
D:        dungeon_sprint_mu [sprint_mu_entry_forest, sprint_mu_temple_rooms,
          sprint_mu_d1_spiders, sprint_mu_d2_genie, sprint_mu_d3_branching,
          sprint_mu_orc_legion, sprint_mu_elf_gauntlet, sprint_mu_hive_nellie,
          sprint_mu_lair_fedhas, sprint_mu_vaults_butterflies,
          sprint_mu_slime_circle, sprint_mu_swamp_cave, sprint_mu_snake_twists,
          sprint_mu_blade_basic, sprint_mu_crypt_chambers,
          sprint_mu_tomb_spiral, sprint_mu_vestibule_basic,
          sprint_mu_gehenna_hellfire, sprint_mu_dis_giant,
          sprint_mu_tartarus_statrot, sprint_mu_cocytus_islands, sprint_mu_zot1]

Skill      XL: |  1  2  3  4  5  6  7 |
---------------+----------------------+-----
Crossbows      | 5 6 8 10 11 | 11.9
Dodging        | 3 4 |  4.2
Invocations    | 3 5 |  5.0
Fighting       | 4 5 |  5.0
Evocations     | 4 |  4.0
Stealth        | |  0.5

Action                   |  1- 3 |  4- 6 |  7- 9 || total
-------------------------+-------+-------+-------++-------
Melee: Short sword       |     8 |    12 |       ||    20
       Tailslap          |       |     2 |       ||     2
 Fire: Hand crossbow     |    16 |    17 |    28 ||    61
Evoke: Lightning rod     |       |       |     2 ||     2
  Use: Potion            |     1 |     3 |       ||     4
       Scroll            |       |     1 |       ||     1
Armor: Leather armour    |     4 |     3 |     3 ||    10
Dodge: Dodged            |     4 |     6 |     4 ||    14

Table legend: (Time is in decaauts)
 A = Elapsed time spent in this place.
 B = Non-inter-level travel time spent in this place.
 C = Inter-level travel time spent in this place.
 D = Time resting spent in this place.
 E = Time spent auto-exploring this place.
 F = Levels seen in this place.
 G = Mean time per level.
                   A        B        C        D        E       F      G
               +--------+--------+--------+--------+--------+-----+--------+
         Total |   1135 |   1135 |      0 |    724 |      0 |   1 | 1135.0 |
       Dungeon |   1135 |   1135 |      0 |    724 |      0 |   1 | 1135.0 |
               +--------+--------+--------+--------+--------+-----+--------+

Top non-repeatable levels by time:
       D: 1135 daAuts
